 Dungeon Crawl Stone Soup version 0.30.1-4-g462c640d31 (webtiles) character file.

Game seed: 13774727084365687898

110944 spardeous the Blocker (level 15, -10/118 HPs)
             Began as a Demigod Conjurer on Aug 12, 2023.
             Killed from afar by a shock serpent (16 damage)
             ... with a bolt of electricity
             ... on level 1 of the Snake Pit.
             The game lasted 01:18:44 (35027 turns).

spardeous the Blocker (Demigod Conjurer)           Turns: 35027, Time: 01:18:45

Health: -10/118    AC: 20    Str: 13    XL:     15   Next: 60%
Magic:  20/43      EV: 12    Int: 32    God:
Gold:   798        SH: 15    Dex: 20    Spells: 2/35 levels left

rFire   + . .        q - staff of conjuration "Sifum" {Fragile rPois rC+ rN++}
rCold   + . .        D - +2 kite shield
rNeg    + + .        R - +0 swamp dragon scales
rPois   +            y - +0 helmet
rElec   .            P - +0 cloak of Jufrugi {rF+ Regen+ Str-3 Dex+5}
rCorr   .            C - +2 pair of gloves {Dex+3}
SInv    .            n - +0 pair of boots
Will    +....        a - amulet of magic regeneration
Stlth   ++           H - ring of magical power
HPRegen 1.19/turn    x - +4 ring of protection
MPRegen 0.68/turn

%: no passive effects
@: very slightly contaminated, studying Earth Magic
A: high MP 1, forlorn, divine attributes
a: no special abilities


You were on level 1 of the Snake Pit.
You visited 4 branches of the dungeon, and saw 23 of its levels.
You also visited: Trove and Volcano.

You collected 2730 gold pieces.
You spent 1932 gold pieces at shops.

Inventory:

Hand Weapons
 k - the +5 war axe "Xuexzig" {vamp, rC+ rCorr}
   (You found it on level 13 of the Dungeon)

   rC:        It protects you from cold.
   rCorr:     It protects you from acid and corrosion.
Armour
 n - a +0 pair of boots (worn)
 y - a +0 helmet (worn)
 C - a +2 pair of gloves of dexterity (worn)
 D - a +2 kite shield (worn)
 P - the +0 cloak of Jufrugi (worn) {rF+ Regen+ Str-3 Dex+5}
   (You bought it in a shop on level 2 of the Orcish Mines)

   Str:       It affects your strength (-3).
   Dex:       It affects your dexterity (+5).
   rF:        It protects you from fire.
   Regen:     It increases your rate of health regeneration.
 R - +0 swamp dragon scales (worn)
 T - the +0 cloak of Spring {Drain Will+ Int+3}
   (You bought it in a shop on level 2 of the Orcish Mines)

   Int:       It affects your intelligence (+3).
   Drain:     It drains your maximum health when unequipped.
   Will:      It increases your willpower.
 U - the +4 scale mail "Yfu Nimn" {Harm rF++ Str+2}
   (You bought it in a shop on level 2 of the Orcish Mines)

   Str:       It affects your strength (+2).
   rF:        It greatly protects you from fire.
   Harm:      It increases damage dealt and taken.
Magical Staves
 q - the staff of conjuration "Sifum" (weapon) {Fragile rPois rC+ rN++}
   (You found it on level 8 of the Dungeon)

   [staff of conjuration]

   Base accuracy: +5 Base damage: 5 Base attack delay: 1.2 This weapon's minimum
   attack delay (0.6) is reached at skill level 12.
   rC:        It protects you from cold.
   rPois:     It protects you from poison.
   rN:        It greatly protects you from negative energy.
   Fragile:   It will be destroyed if unequipped.
   It falls into the 'Staves' category.
   It is a one-handed weapon.
 u - the staff of fire "Xocsopo" {rF+ MP+9 Str+3}
   (You found it on level 8 of the Dungeon)

   [staff of fire]

   Base accuracy: +5 Base damage: 5 Base attack delay: 1.2 This weapon's minimum
   attack delay (0.6) is reached at skill level 12.
   Str:       It affects your strength (+3).
   rF:        It protects you from fire.
   MP:        It affects your magic capacity (+9).
   It falls into the 'Staves' category.
   It is a one-handed weapon.
Jewellery
 a - an amulet of magic regeneration (around neck)
 x - a +4 ring of protection (right hand)
 H - a ring of magical power (left hand)
 K - the amulet "Modghig" {Acrobat Drain rElec Will+++ rCorr}
   (You found it on level 4 of the Lair of Beasts)

   [amulet of the acrobat]

   It increases your evasion while moving and waiting.
   rElec:     It insulates you from electricity.
   rCorr:     It protects you from acid and corrosion.
   Drain:     It drains your maximum health when unequipped.
   Will:      It greatly increases your willpower.
 S - a ring of see invisible
 Z - a ring of protection from cold
Wands
 h - a wand of flame (7)
 m - a wand of mindburst (7)
 N - a wand of light (9)
 Q - a wand of polymorph (22)
 W - a wand of roots (10)
Scrolls
 c - 4 scrolls of magic mapping
 e - 12 scrolls of teleportation
 g - 3 scrolls of brand weapon
 i - 5 scrolls of enchant armour
 j - 7 scrolls of vulnerability
 l - a scroll of silence
 o - a scroll of fear
 s - 3 scrolls of summoning
 v - 4 scrolls of immolation
 E - 5 scrolls of amnesia
 G - 4 scrolls of fog
 I - 8 scrolls of poison
 X - 4 scrolls of enchant weapon
Potions
 b - 5 potions of magic
 d - a potion of attraction
 f - a potion of cancellation
 p - 3 potions of ambrosia
 r - 2 potions of flight
 w - 4 potions of mutation
 z - 9 potions of curing
 A - 4 potions of might
 B - 2 potions of heal wounds
 J - 5 potions of lignification
 L - 4 potions of haste
 M - a potion of resistance
 O - 4 potions of brilliance
 Y - 3 potions of berserk rage {unknown}


   Skills:
 - Level 7.3 Fighting
 - Level 7.6 Armour
 - Level 5.7 Dodging
 - Level 3.4 Stealth
 - Level 11.2 Shields
 - Level 10.5 Spellcasting
 - Level 10.3 Conjurations
 - Level 7.8 Necromancy
 - Level 10.0 Translocations
 - Level 6.5 Transmutations
 + Level 11.2 Earth Magic


You had 2 spell levels left.
You knew the following spells:

 Your Spells              Type           Power      Damage    Failure   Level
a - Magic Dart            Conj           100%       1d8       1%          1
b - Searing Ray           Conj           100%       2d8       1%          2
c - Iskenderun's Mystic   Conj/Tloc      89%        2d17      1%          4
d - Statue Form           Tmut/Erth      43%        N/A       45%         6
e - Borgnjor's Vile Clut  Necr/Erth      33%        N/A       7%          5
f - Fulminant Prism       Conj/Hex       32%        3d16      16%         4
g - Iron Shot             Conj/Erth      45%        9d9       24%         6
h - Irradiate             Conj/Tmut      41%        3d25      11%         5

Your spell library contained the following spells:

 Spells                   Type           Power      Damage    Failure   Level
 Apportation              Tloc           100%       N/A       1%          1
 Beastly Appendage        Tmut           100%       N/A       1%          1
 Foxfire                  Conj/Fire      100%       2x1d9     1%          1
 Necrotise                Necr           100%       1d9       1%          1
 Sandblast                Erth           100%       2d20      1%          1
 Shock                    Conj/Air       100%       1d9       1%          1
 Blink                    Tloc           100%       N/A       1%          2
 Momentum Strike          Conj/Tloc      100%       3d10      1%          2
 Passwall                 Tmut/Erth      54%        N/A       1%          2
 Static Discharge         Conj/Air       100%       2-7/arc   2%          2
 Sting                    Tmut/Pois      100%       1d8       3%          1
 Cigotuvi's Dreadful Rot  Necr/Pois/Air  66%        N/A       7%          2
 Freeze                   Ice            64%        1d7       13%         1
 Summon Small Mammal      Summ           64%        N/A       13%         1
 Ensorcelled Hibernation  Hex/Ice        32%        N/A       19%         2
 Poisonous Vapours        Pois/Air       32%        N/A       19%         2
 Scorch                   Fire           32%        2d6       19%         2
 Stone Arrow              Conj/Erth      100%       3d13      1%          3
 Vampiric Draining        Necr           61%        2d10      1%          3
 Manifold Assault         Tloc           69%        N/A       1%          4
 Passage of Golubria      Tloc           69%        N/A       1%          4
 Petrify                  Tmut/Erth      65%        N/A       3%          4
 Dazzling Flash           Conj/Hex       100%       N/A       4%          3
 Hailstorm                Conj/Ice       65%        3d14      4%          3
 Portal Projectile        Hex/Tloc       98%        N/A       4%          3
 Volatile Blastmotes      Fire/Tloc      98%        2d18      4%          3
 Animate Dead             Necr           61%        N/A       4%          4
 Mephitic Cloud           Conj/Pois/Air  55%        N/A       10%         3
 Spider Form              Tmut/Pois      37%        N/A       10%         3
 Ignite Poison            Fire/Tmut/Pois 30%        N/A       16%         3
 Sticky Flame             Conj/Fire      65%        2d8       16%         4
 Blade Hands              Tmut           28%        N/A       24%         5
 Anguish                  Hex/Necr       20%        N/A       26%         4
 Ice Form                 Ice/Tmut       37%        N/A       32%         4
 Confusing Touch          Hex            16%        N/A       36%         3
 Frozen Ramparts          Ice            32%        1d5       36%         3
 Summon Guardian Golem    Hex/Summ       16%        N/A       36%         3
 Tukima's Dance           Hex            16%        N/A       36%         3
 Arcjolt                  Conj/Air       32%        1d42      38%         5
 Fireball                 Conj/Fire      32%        3d14      38%         5
 Alistair's Intoxication  Tmut/Pois      24%        N/A       67%         5
 Yara's Violent Unravell  Hex/Tmut       18%        3d9       67%         5
 Cause Fear               Hex            8%         N/A       77%         4
 Summon Ice Beast         Ice/Summ       16%        N/A       77%         4
 Orb of Destruction       Conj           45%        9d12      83%         7
 Conjure Ball Lightning   Conj/Air       32%        3x3d10    93%         6
 Starburst                Conj/Fire      32%        6d10      93%         6
 Metabolic Englaciation   Hex/Ice        8%         N/A       98%         5
 Summon Mana Viper        Hex/Summ       16%        N/A       98%         5
 Eringya's Noxious Bog    Tmut/Pois      18%        N/A       99%         6
 Plasma Beam              Fire/Air       8%         2x1d20    100%        6
 Enfeeble                 Hex            8%         N/A       100%        7
 Haunt                    Necr/Summ      20%        N/A       100%        7
 Monstrous Menagerie      Summ           8%         N/A       100%        7
 Spellforged Servitor     Conj/Summ      32%        N/A       100%        7
 Storm Form               Tmut/Air       18%        N/A       100%        7
 Ignition                 Fire           8%         3d5       100%        8
 Maxwell's Capacitive Co  Air            8%         ∞         100%        8
 Polar Vortex             Ice            8%         N/A       100%        9


Dungeon Overview and Level Annotations

Branches:
Dungeon (15/15)            Temple (0/1) D:7            Lair (5/5) D:11
 Shoals (0/4) Lair:3        Snake (1/4) Lair:3        Slime (0/5) Lair:5
    Orc (2/2) D:10            Elf (0/3) Orc:2        Vaults (0/5) D:14
 Depths (0/4) D:15        Volcano (visited)

Shops:
D:2 :   D:14 *   Orc:1 ([   Orc:2 :[(*


Innate Abilities, Weirdness & Mutations

You have an increased reservoir of magic. (+10% MP)
You shall have no god before yourself.
Your divine heritage dramatically boosts your attributes as you level up.


Message History

The shock serpent's electric aura discharges, shocking you!
The shock serpent shoots out a bolt of lightning at you!
The bolt of electricity hits you!!
The shock serpent shoots out a bolt of lightning at you!
The bolt of electricity hits you.
You take 38 damage, and have 60/118 hp.
MASSIVE DAMAGE!!
You now have 26/43 mp.
Casting: Iskenderun's Mystic Blast (mildly dangerous; 1% risk of failure)
Confirm with . or Enter, or press ? or * to list all spells.
You feel a surge of power!
You erupt in a blast of force!
The mystic blast hits the shock serpent!
The shock serpent is heavily wounded.
The shock serpent is knocked back by the mystic blast.
The shock serpent slams into the rock wall!
The shock serpent is heavily wounded.
The mystic blast hits the shock serpent!
The shock serpent is heavily wounded.
The shock serpent is knocked back by the mystic blast.
The shock serpent slams into the rock wall!
The shock serpent is severely wounded.
The shock serpent's electric aura discharges, shocking you! x2
* * * LOW HITPOINT WARNING * * *
The shock serpent shoots out a bolt of lightning at you!
The bolt of electricity hits you!!
* * * LOW HITPOINT WARNING * * *
Casting: Iskenderun's Mystic Blast (mildly dangerous; 1% risk of failure)
Confirm with . or Enter, or press ? or * to list all spells.
You feel a surge of power!
You erupt in a blast of force!
The shock serpent shoots out a bolt of lightning at you!
The bolt of electricity hits you!!
* * * LOW HITPOINT WARNING * * *
You take 55 damage, and have 5/118 hp.
MASSIVE DAMAGE!!
You now have 20/43 mp.
Okay, then.
Okay, then.
Okay, then.
As you read the scroll of fear, it crumbles to dust.
You assume a fearsome visage.
The electric eel looks frightened!
The shock serpent looks frightened! x2
The shock serpent shoots out a bolt of lightning at you!
The bolt of electricity hits you!
You die...

# ####S #... #S..
#.S# #.†## #.@.##
###### #.>..##
#..... #.....###
###### #.......#
#.......#
#.......# ####
####..###
#..######
####.#####........
#(......##........


You could see 2 shock serpents and an electric eel (fleeing).

Vanquished Creatures
  Jorgrun (Orc:2)
  Roxanne (Snake:1)
  An orc warlord (Orc:2)
  Nessos (D:15)
  2 vault guards (D:14)
  A rakshasa (D:15)
  5 hydras
  The ghost of Diggabert the Eclecticist, a journeyman DECj of Hepliaklqana (D:13)
  3 centaur warriors
  3 anacondas (Snake:1)
  A death knight (D:14)
  5 two-headed ogres
  5 catoblepae
  11 death yaks
  5 boulder beetles
  2 tengu warriors (D:14)
  4 orc high priests (Orc:2)
  2 naga warriors (Snake:1)
  2 shock serpents (Snake:1)
  A hell knight (Volcano)
  2 naga sharpshooters (Snake:1)
  A salamander mystic (Volcano)
  The ghost of shmup the Arsonist, a novice TeFE of Vehumet (D:9)
  A fire crab (D:11)
  A skyshark (Lair:5)
  An obsidian statue (Volcano)
  A glowing orange brain (D:15)
  4 lindwurms (D:8)
  A naga ritualist (Snake:1)
  3 wizards (D:14)
  4 mana vipers (Snake:1)
  4 orc knights (Orc:2)
  A wolf spider (shapeshifter) (D:14)
  4 deep elf pyromancers
  A deep elf zephyrmancer (D:13)
  2 orc sorcerers (Orc:2)
  5 cyclopes
  14 ugly things
  4 salamanders
  2 wolf spiders (Lair:3)
  A manticore (shapeshifter) (D:15)
  5 manticores
  Maurice (D:11)
  21 elephants
  2 torpor snails
  A water nymph (Lair:3)
  9 black mambas
  A gargoyle (D:13)
  A naga mage (Snake:1)
  An ice statue (Lair:5)
  Maggie (D:8)
  8 cane toads
  A rime drake (Lair:2)
  3 komodo dragons
  5 kobold demonologists
  An ice devil (Lair:5)
  4 freezing wraiths
  2 tengu conjurers
  9 trolls
  10 polar bears
  4 blink frogs (Lair:4)
  A slime creature (shapeshifter) (D:14)
  6 slime creatures
  A spriggan (shapeshifter) (D:14)
  A wraith (D:12)
  49 yaks
  5 fire bats (Volcano)
  2 vampires
  7 wyverns
  16 humans (D:14)
  7 basilisks
  3 vampire mosquitoes
  A steam dragon (D:6)
  3 wargs (Orc:2)
  5 nagas (Snake:1)
  An acid dragon (D:14)
  5 water moccasins
  35 orc warriors
  A floating eye (shapeshifter) (D:15)
  5 black bears
  8 ice beasts
  A black bear (shapeshifter) (D:15)
  6 ogres
  7 centaurs
  5 boggarts (D:14)
  14 wolves
  3 kobold brigands
  A bullfrog (shapeshifter) (D:15)
  5 bullfrogs
  2 gnoll sergeants
  4 scorpions
  A hornet simulacrum (D:15)
  5 killer bees (D:10)
  7 lava snakes
  A centaur zombie (D:9)
  25 orc priests
  A gnoll bouda (D:10)
  3 hounds
  15 jellies
  4 iguanas
  11 orc wizards
  A howler monkey zombie (D:9)
  20 gnolls
  4 adders
  A shadow imp (D:7)
  5 white imps
  6 dart slugs
  92 orcs
  10 endoplasms
  4 giant cockroaches
  5 goblins
  5 jackals
  3 quokkas
  10 ball pythons
  A bat (D:1)
  5 frilled lizards
  21 kobolds
  4 rats
685 creatures vanquished.

Vanquished Creatures (others)
  A human (D:3)
  An orc wizard (Orc:2)
  34 fulminant prisms
36 creatures vanquished.

Grand Total: 721 creatures vanquished

Notes
Turn   | Place    | Note
-------+----------+-------------------------------------------
     0 | D:1      | spardeous the Demigod Conjurer began the quest for the Orb.
     0 | D:1      | Reached XP level 1. HP: 14/14 MP: 5/5
   420 | D:1      | Reached XP level 2. HP: 16/20 MP: 1/7
  1039 | D:1      | Reached XP level 3. HP: 26/26 MP: 9/9
  1266 | D:1      | Learned a level 2 spell: Searing Ray
  1301 | D:2      | Identified the +7 whip "Zetzab" {heavy, Stlth+}
  1322 | D:2      | Found Bawais's Book Emporium.
  1507 | D:2      | Noticed a scorpion
  1513 | D:2      | Killed a scorpion
  1514 | D:2      | Reached XP level 4. HP: 33/33 MP: 10/11
  1519 | D:2      | Learned a level 4 spell: Iskenderun's Mystic Blast
  2379 | D:3      | Reached XP level 5. HP: 38/38 MP: 13/13
  2473 | D:3      | Reached skill level 5 in Conjurations
  2978 | D:3      | Noticed a human
  2979 | D:3      | Killed a human
  3940 | D:4      | Reached XP level 6. HP: 45/45 MP: 15/15
  4051 | D:5      | Entered Level 5 of the Dungeon
  4058 | D:4      | Reached skill level 1 in Translocations
  4548 | D:5      | Reached XP level 7. HP: 31/50 MP: 16/16
  6072 | D:6      | Noticed an angel
  6119 | D:6      | Noticed a steam dragon
  6130 | D:6      | Killed a steam dragon
  6131 | D:6      | Reached XP level 8. HP: 57/57 MP: 16/17
  6260 | D:7      | Reached skill level 5 in Translocations
  6442 | D:7      | Found a staircase to the Ecumenical Temple.
  7213 | D:7      | Identified the +4 short sword "Bepiwn" {venom, rF+ Int+3}
  7645 | D:8      | Noticed Maggie
  7663 | D:8      | Noticed a lindwurm
  7666 | D:8      | Noticed a lindwurm
  7667 | D:8      | Killed Maggie
  8478 | D:8      | Reached XP level 9. HP: 62/62 MP: 18/18
  8737 | D:8      | Learned a level 4 spell: Fulminant Prism
  8747 | D:8      | Noticed a lindwurm
  8853 | D:8      | Noticed a lindwurm
  8874 | D:8      | Killed a lindwurm
  9035 | D:8      | Killed a lindwurm
  9149 | D:8      | Killed a lindwurm
  9149 | D:8      | Killed a lindwurm
  9150 | D:8      | Reached skill level 10 in Conjurations
  9508 | D:9      | Reached XP level 10. HP: 69/69 MP: 12/20
  9863 | D:9      | Found a runed translucent gate.
  9863 | D:9      | Found a runed translucent gate.
  9863 | D:9      | Found a runed translucent gate.
  9863 | D:9      | Noticed shmup's ghost (novice TeFE)
 10292 | D:10     | Entered Level 10 of the Dungeon
 10309 | D:10     | Reached skill level 5 in Spellcasting
 11201 | D:10     | Reached skill level 10 in Translocations
 11856 | D:10     | Found a staircase to the Orcish Mines.
 12897 | D:11     | Found a staircase to the Lair.
 12897 | D:11     | Noticed a fire crab
 12909 | D:11     | Killed a fire crab
 13149 | D:11     | Noticed a manticore
 13155 | D:11     | Reached XP level 11. HP: 61/74 MP: 23/27
 14542 | D:11     | Got the Incunabulum of Cryomancy and the Sixfirhy
 14789 | D:11     | Noticed Maurice
 14797 | D:11     | Killed Maurice
 15092 | D:12     | Got the Compilation of the Griffon
 15271 | D:12     | Reached skill level 10 in Spellcasting
 15558 | D:12     | Noticed a two-headed ogre
 15565 | D:12     | Killed a two-headed ogre
 16095 | D:13     | Noticed a two-headed ogre
 16096 | D:13     | HP: 3/74 [white ugly thing (20)]
 16352 | D:13     | Reached skill level 1 in Fighting
 16663 | D:13     | Killed a two-headed ogre
 16782 | D:13     | Noticed a catoblepas
 16808 | D:13     | Killed a catoblepas
 16953 | D:13     | Noticed a two-headed ogre
 16961 | D:13     | Noticed a centaur warrior
 16966 | D:13     | Killed a two-headed ogre
 16967 | D:13     | Reached skill level 5 in Fighting
 16969 | D:13     | Killed a centaur warrior
 16971 | D:13     | Reached XP level 12. HP: 50/95 MP: 16/31
 17291 | D:13     | Found a runed translucent gate.
 17291 | D:13     | Found a runed translucent gate.
 17293 | D:13     | Found a runed translucent gate.
 17294 | D:13     | Noticed a nine-headed hydra
 17349 | D:13     | Noticed Diggabert's ghost (journeyman DECj)
 17350 | D:13     | Noticed an 11-headed hydra
 17394 | D:13     | Reached skill level 1 in Shields
 17586 | D:13     | Killed an 11-headed hydra
 17588 | D:13     | Killed a nine-headed hydra
 17591 | D:13     | Killed Diggabert's ghost
 17646 | D:13     | Identified the +5 war axe "Xuexzig" {vamp, rC+ rCorr}
 17747 | D:14     | Noticed a boulder beetle
 17891 | D:14     | Reached skill level 5 in Shields
 18009 | D:14     | Noticed a centaur warrior
 18294 | D:14     | Noticed a boulder beetle
 18308 | D:14     | Killed a boulder beetle
 18602 | D:14     | Noticed a boulder beetle
 18632 | D:14     | Killed a boulder beetle
 19059 | D:14     | Killed a boulder beetle
 19134 | D:14     | Noticed a death knight
 19153 | D:14     | Killed a death knight
 19162 | D:14     | Noticed a centaur warrior
 19169 | D:14     | Noticed a catoblepas
 19171 | D:14     | Killed a centaur warrior
 19189 | D:14     | Killed a catoblepas
 19489 | D:14     | Reached XP level 13. HP: 102/102 MP: 32/32
 19494 | D:14     | Reached skill level 10 in Shields
 19829 | D:9      | Killed shmup's ghost
 20030 | D:8      | Identified the staff of conjuration "Sifum" {Fragile rPois
                  | rC+ rN++}
 20033 | D:8      | Identified the staff of fire "Xocsopo" {rF+ MP+9 Str+3}
 20037 | D:8      | Identified the +2 arbalest of Eternal War {freeze, rF++
                  | rN+++ rCorr Int-2}
 20620 | D:14     | Reached skill level 1 in Earth Magic
 20873 | D:2      | Bought Great Wizards, Vol. II for 494 gold pieces
 20879 | D:2      | Learned a level 5 spell: Borgnjor's Vile Clutch
 21346 | D:14     | Found Ykkuciga's General Store.
 21455 | D:14     | Found a gate to the Vaults.
 21481 | D:14     | Reached skill level 5 in Earth Magic
 21723 | Lair:1   | Entered Level 1 of the Lair of Beasts
 21825 | Lair:1   | Found a dark tunnel.
 21842 | Volcano  | Entered a volcano
 21886 | Volcano  | Reached skill level 1 in Necromancy
 23824 | Lair:1   | Reached skill level 5 in Necromancy
 25210 | Lair:3   | Reached XP level 14. HP: 89/108 MP: 29/33
 25567 | Lair:3   | Found a staircase to the Shoals.
 25603 | Lair:3   | Found a staircase to the Snake Pit.
 26571 | Lair:4   | Reached skill level 1 in Armour
 26846 | Lair:4   | Identified the amulet "Modghig" {Acrobat Drain rElec
                  | Will+++ rCorr}
 27450 | Lair:5   | Entered Level 5 of the Lair of Beasts
 27826 | Lair:5   | Found a staircase to the Slime Pits.
 28217 | Lair:5   | Reached skill level 5 in Dodging
 28876 | Lair:5   | Reached skill level 5 in Armour
 29213 | Lair:5   | Identified the +6 shortbow of Xopsag {heavy, rElec rF+
                  | Dex+3}
 29585 | Lair:5   | Identified the +2 robe "Esiydiaf" {Drain Regen+ Int+2
                  | Dex+5}
 29902 | Orc:1    | Entered Level 1 of the Orcish Mines
 29926 | Orc:1    | Found Neahed's Antique Armour Shoppe.
 30231 | Orc:1    | Found Napt's Weapon Shoppe.
 30650 | Orc:2    | Entered Level 2 of the Orcish Mines
 30802 | Orc:2    | Noticed an orc warlord
 30882 | Orc:2    | Killed an orc warlord
 31020 | Orc:2    | Found Vopo's Antique Weapon Boutique.
 31025 | Orc:2    | Found Xythoam's Book Shoppe.
 31162 | Orc:2    | Reached XP level 15. HP: 110/115 MP: 21/34
 31200 | Orc:2    | Noticed Jorgrun
 31482 | Orc:2    | Killed Jorgrun
 31584 | Orc:2    | Found Baedaine's General Store.
 31657 | Orc:2    | Bought the +0 cloak of Jufrugi {rF+ Regen+ Str-3 Dex+5} for
                  | 385 gold pieces
 31732 | Orc:2    | Found Fitiun's Antique Armour Shoppe.
 31739 | Orc:2    | Found a staircase to the Elven Halls.
 31740 | Orc:2    | Bought a pair of glowing gloves for 127 gold pieces
 31740 | Orc:2    | Bought a twisted cloak for 161 gold pieces
 31740 | Orc:2    | Identified the +0 cloak of Spring {Drain Will+ Int+3} (You
                  | bought it in a shop on level 2 of the Orcish Mines)
 32070 | Orc:2    | Bought a book of Sloth for 612 gold pieces
 32078 | Orc:2    | Learned a level 6 spell: Statue Form
 32083 | Orc:2    | Learned a level 4 spell: Fulminant Prism
 32123 | Orc:2    | Bought a faintly humming scale mail for 153 gold pieces
 32123 | Orc:2    | Identified the +4 scale mail "Yfu Nimn" {Harm rF++ Str+2}
                  | (You bought it in a shop on level 2 of the Orcish Mines)
 32335 | D:15     | Entered Level 15 of the Dungeon
 32335 | D:15     | Noticed Nessos
 32340 | D:15     | Killed Nessos
 32341 | D:15     | Reached skill level 1 in Transmutations
 33361 | D:15     | Found a portal to a secret trove of treasure.
 33472 | D:15     | Reached skill level 5 in Transmutations
 33648 | D:15     | Found a staircase to the Depths.
 33803 | D:15     | You paid a toll of 6 scrolls of fear to enter a treasure
                  | trove
 33804 | Trove    | Entered a treasure trove
 33828 | Trove    | Got the Elucidation of the Volley and Hail
 33842 | Trove    | Got the Collected Works on Viridian Conflagration
 33851 | Trove    | Got Qirumm's Folio of Arcane Weapons and Profane Words
 33861 | Trove    | Got Sif Muna's Catalogue of Outbursts and Exhumation
 33864 | Trove    | Got the Compendium of the Puissant Iceberg
 33870 | Trove    | Got Sif Muna's Meditations on the Glowing Sphinx
 33903 | D:15     | Learned a level 6 spell: Iron Shot
 34106 | Snake:1  | Entered Level 1 of the Snake Pit
 34502 | Snake:1  | Identified Roxanne's Directory of Modification
 34502 | Snake:1  | Noticed Roxanne
 34578 | Snake:1  | Killed Roxanne
 34616 | Snake:1  | Learned a level 5 spell: Irradiate
 34650 | Snake:1  | Reached skill level 10 in Earth Magic
 35026 | Snake:1  | HP: 5/118 [shock serpent/bolt of electricity (27)]
 35027 | Snake:1  | Killed from afar by a shock serpent

Illustrated notes

Levels and vault maps discovered:
D:1:      minmay_arrival_widening_spiral_wide, layout_loops_ring
D:2:      layout_loops_cross, serial_shops, nicolae_shop_tiny_statue_garden
D:3:      layout_loops_ring, tgw_kikubaaqudgha,
          mainiacjoe_overflow_small_starburst, lemuel_tele_altar
D:4:      layout_basic, jmf_multi_god_temple, kennysheep_generic_room_8
D:5:      layout_basic, mainiacjoe_overflow_swirl
D:6:      layout_cave_pools, zin_angel
D:7:      layout_basic, minmay_temple_entry_antechambers
D:8:      layout_gridville, mainiacjoe_overflow_chevrons, grunt_ministairs_11,
          minmay_lindwurm_lava, uniq_maggie
D:9:      layout_roguey, nicolae_yredelemnul_ghost_church
D:10:     layout_loops_ring, david_orc_5
D:11:     kennysheep_kobold_lugonu_temple, layout_loops_corners,
          minmay_lair_entry_lava, nicolae_kite_square_tiling_tiny,
          hangedman_decor_clover_reticule, uniq_maurice
D:12:     layout_irregular_city
D:13:     layout_basic, gammafunk_ghost_hydra_chop, small_statue_alley_a,
          billiards_dpeg
D:14:     minmay_box_of_statues, layout_irregular_city,
          grunt_vaults_entry_tiered, nicolae_inconvenience_store
D:15:     gammafunk_enter_depths_forms, layout_rooms, trove_entry_hex_spiral,
          special_room [special_room_orc], serial_glass, glass_columns_a,
          glass_columns_a, uniq_nessos
Lair:1:   layout_cave_pods, enter_volcano_1
Lair:2:   layout_roguey, grunt_megastairs_4, lemuel_fruit_fields
Lair:3:   beast_lair_carwin_large_2, layout_regular_city,
          nicolae_shoals_entry_flooding, dummy_snake_entry,
          nicolae_lair_run_with_the_wolves, serial_bayou_shore_a,
          lemuel_fruit_tree
Lair:4:   layout_regular_city
Lair:5:   evilmike_catoblepas_cave, layout_hall_layers,
          minmay_slime_entry_jelly_boxes, ice2_lemuel
Snake:1:  layout_rooms, minmay_shop_grid_forest, nicolae_snake_bzzzt,
          uniq_roxanne
Orc:1:    layout_caves, serial_shops, shop, shop
Orc:2:    grunt_orc_gardens, layout_caves, grunt_orc_garden, grunt_orc_garden,
          grunt_orc_garden, grunt_orc_garden, uniq_jorgrun

Skill      XL: |  1  2  3  4  5  6  7  8  9 10 11 12 13 14 15 |
---------------+----------------------------------------------+-----
Spellcasting   | 2 3 4 7 10 | 10.5
Conjurations   | 4 5 6 7 8 10 | 10.3
Translocations | 2 4 6 8 10 | 10.0
Fighting       | 5 6 7 |  7.3
Shields        | 9 11 | 11.2
Earth Magic    | 6 9 11 | 11.2
Necromancy     | 7 |  7.8
Armour         | 7 |  7.6
Dodging        | 5 |  5.7
Stealth        | 3 |  3.4
Transmutations | 6 |  6.5

Action                     |  1- 3 |  4- 6 |  7- 9 | 10-12 | 13-15 || total
---------------------------+-------+-------+-------+-------+-------++-------
  Melee: Whip              |       |       |     4 |       |       ||     4
         Short sword       |       |       |    21 |    51 |       ||    72
         Staff             |       |       |       |     3 |    95 ||    98
   Cast: Magic Dart        |    61 |    97 |    52 |       |     2 ||   212
         Searing Ray       |     1 |    20 |    35 |     2 |     3 ||    61
         Iskenderun's Myst |       |       |    28 |   338 |   753 ||  1119
         Fulminant Prism   |       |       |    18 |       |    16 ||    34
         Iron Shot         |       |       |       |       |    34 ||    34
         Borgnjor's Vile C |       |       |       |       |     4 ||     4
    Use: Scroll            |       |       |     8 |     7 |    17 ||    32
         Potion            |       |       |       |     2 |     2 ||     4
 Armour: Leather armour    |     1 |       |       |       |       ||     1
         Ring mail         |       |    18 |    62 |    34 |       ||   114
         Swamp dragon scal |       |       |       |    46 |   201 ||   247
  Dodge: Dodged            |    10 |    31 |    55 |    75 |   165 ||   336
  Block: Buckler           |       |       |       |     4 |       ||     4
         Kite shield       |       |       |       |    33 |   323 ||   356
